 Dungeon Crawl Stone Soup version 0.30.0-29-ga12c61a403 (webtiles) character file.

Game seed: 15786775134372232696

789 Dadbod the Magician (level 8, -1/54 HPs)
             Began as a Djinni Air Elementalist on June 24, 2023.
             Was a Priest of Makhleb.
             Slain by Duvessa
             ... wielding a +2 short sword of protection
              (11 damage)
             ... on level 5 of the Dungeon.
             The game lasted 00:12:20 (4133 turns).

Dadbod the Magician (Djinni Air Elementalist)       Turns: 4133, Time: 00:12:21

Health: -1/54      AC:  2    Str:  7    XL:     8   Next: 12%
Gold:   213        EV: 13    Int: 18    God:    Makhleb [***...] SH:  0 Dex: 15

rFire   + + .        (no weapon)
rCold   x . .        (no shield)
rNeg    . . .        a - +0 robe
rPois   ∞            (no helmet)
rElec   .            (no cloak)
rCorr   .            (no gloves)
SInv    .            (boots unavailable)
Will    .....        y - amulet of regeneration
Stlth   ++           (no ring)
HPRegen 1.09/turn    (no ring)
MPRegen 0.00/turn

%: infuse magic (-2 HP)
@: swift, flying, quick
A: sickness immunity, fire resistance 2, cold vulnerability 1, float, innate
caster, HP casting, extra vitality 1
a: Renounce Religion, Minor Destruction, Lesser Servant of Makhleb


You were on level 5 of the Dungeon.
You worshipped Makhleb.
Makhleb was most pleased with you.
You visited 1 branch of the dungeon, and saw 5 of its levels.

You collected 213 gold pieces.

Inventory:

Missiles
 b - a throwing net
Armour
 a - a +0 robe (worn)
Jewellery
 y - an amulet of regeneration (around neck)
Wands
 g - a wand of flame (39)
 t - a wand of iceblast (18)
Scrolls
 c - a scroll of fear {unknown}
 k - a scroll of poison {unknown}
 m - a scroll of acquirement {unknown}
 n - a scroll of summoning {unknown}
 o - 2 scrolls of enchant weapon {unknown}
 r - 3 scrolls of fog {unknown}
 u - a scroll of amnesia {unknown}
 v - a scroll of silence {unknown}
 w - a scroll of torment {unknown}
Potions
 d - a potion of curing
 e - a potion of mutation
 h - 2 potions of might
 i - a potion of attraction {unknown}
 j - a potion of degeneration {unknown}
 l - a potion of haste {unknown}
 p - a potion of cancellation {unknown}
 q - a potion of magic {unknown}
 s - a potion of brilliance {unknown}
 x - 2 potions of ambrosia {unknown}


   Skills:
 * Level 2.0 Fighting
 * Level 3.5 Dodging
 + Level 1.8 Stealth
 + Level 6.3 Spellcasting
 * Level 0.2 Invocations


You knew the following spells:

 Your Spells              Type           Power      Damage    Failure   Level
a - Shock                 Conj/Air       100%       1d9       1%          1
b - Static Discharge      Conj/Air       56%        2-5/arc   1%          2
c - Swiftness             Air            28%        N/A       2%          3
d - Airstrike             Air            14%        2d(2-18)  9%          4
e - Necrotise             Necr           100%       1d9       1%          1
f - Wereblood             Tmut           28%        N/A       1%          2
g - Confusing Touch       Hex            28%        N/A       2%          3
Your spell library was empty.

Dungeon Overview and Level Annotations

Branches:
Dungeon (5/15)
 Temple: D:4-7

Altars:
Makhleb
Yredelemnul
Zin

Annotations:
D:5 Duvessa


Innate Abilities, Weirdness & Mutations

You are immune to sickness and miasma.
You are immune to poison.
Your flesh is very heat resistant. (rF++)
You are vulnerable to cold. (rC-)
You float through the air rather than walking.
You learn spells naturally, not from books.
Your magical power is your life essence.
You have superior vitality. (+4 MHP)


Message History

Duvessa is struck by an arc of lightning.
Duvessa is lightly wounded.
You are struck by an arc of lightning.
Duvessa is struck by an arc of lightning.
Duvessa is lightly wounded.
You are struck by an arc of lightning.
The lightning grounds out.
Duvessa hits you with a +2 short sword of protection!
* * * LOW HITPOINT WARNING * * *
Unknown command.
Unknown command.
You feel much better. Duvessa barely misses you.
Duvessa hits you with a +2 short sword of protection!
* * * LOW HITPOINT WARNING * * *
Duvessa rages.
Duvessa rages.
Duvessa hits you with a +2 short sword of protection!
* * * LOW HITPOINT WARNING * * *
Okay, then.
Casting: Static Discharge (safe; 1% risk of failure)
Confirm with . or Enter, or press ? or * to list all spells.
Okay, then.
Unknown command.
Unknown command.
You feel much better.
Duvessa hits you with a +2 short sword of protection!
* * * LOW HITPOINT WARNING * * *
Okay, then.
Unknown command.
Unknown command.
Unknown command.
Okay, then.
Casting: Static Discharge (safe; 1% risk of failure)
Confirm with . or Enter, or press ? or * to list all spells.
Aiming: Airstrike (dangerous; 9% risk of failure)
Press: ? - help, Dir - move target, f/p - Duvessa
Aim: Duvessa, wielding a +2 short sword of protection, wearing a +2 chain mail of willpower and quivering stones (lightly wounded, berserk, empty space bonus: 7/8)
The air twists around and strikes Duvessa but does no damage.
* * * LOW HITPOINT WARNING * * *
Duvessa hits you with a +2 short sword of protection!
You die...

..............'....÷).......... .
....###.......#########.##.####..
....###################........ .
...............................
...............................
#############.......######.#.#.
...#########.......# ...#
..........##....e..# ..#
.........##<..@...# ..#
#.......##.......# .#
#.......##.##.####
###.......##'##.####
..........#.........
#......†..........
#####.##†......... #.
##.###.##.......... .##
###......##.#.##+#### ...


You could see Duvessa (berserk).

Vanquished Creatures
  A human (D:3)
  2 ogres (D:4)
  A scorpion (D:5)
  Dowan (D:5)
  4 hounds
  2 iguanas (D:5)
  6 adders
  7 gnolls
  An ufetubus (D:4)
  A dart slug (D:1)
  3 orcs
  7 ball pythons
  6 endoplasms
  5 giant cockroaches
  7 goblins
  6 hobgoblins
  7 kobolds
  A quokka (D:2)
  11 bats
  5 frilled lizards
  A jackal skeleton (D:3)
  5 rats
90 creatures vanquished.

Vanquished Creatures (others)
  A worm (D:3)
1 creature vanquished.

Grand Total: 91 creatures vanquished

Notes
Turn   | Place    | Note
-------+----------+-------------------------------------------
     0 | D:1      | Dadbod the Djinni Air Elementalist began the quest for the
                  | Orb.
     0 | D:1      | Dadbod set off with the following spells memorised: Shock,
                  | Static Discharge, Swiftness, Airstrike.
     0 | D:1      | Reached XP level 1. HP: 15/15 MP: 0/0
     5 | D:1      | You are sucked into a shaft and drop 1 floor!
    58 | D:2      | Reached XP level 2. HP: 17/22 MP: 0/0
    59 | D:2      | Reached XP level 3. HP: 19/26 MP: 0/0
    59 | D:2      | Learned a level 1 spell: Necrotise
    62 | D:2      | Reached skill level 3 in Spellcasting
   196 | D:2      | Reached skill level 1 in Fighting
   319 | D:2      | Reached XP level 4. HP: 31/32 MP: 0/0
   341 | D:2      | Found a glowing silver altar of Zin.
   502 | D:2      | Found a faded altar of an unknown god.
   510 | D:2      | Prayed at the altar of an unknown god.
   510 | D:2      | Became a worshipper of Makhleb the Destroyer
   510 | D:2      | Reached * piety under Makhleb
  1419 | D:1      | Reached ** piety under Makhleb
  2030 | D:3      | Reached XP level 5. HP: 34/37 MP: 0/0
  2030 | D:3      | Learned a level 2 spell: Wereblood
  2304 | D:3      | Found a runed translucent door.
  2304 | D:3      | Noticed a human
  2310 | D:3      | Found a basalt altar of Yredelemnul.
  2545 | D:3      | Killed a human
  2546 | D:3      | Reached skill level 4 in Spellcasting
  2546 | D:3      | Reached XP level 6. HP: 21/42 MP: 0/0
  2813 | D:3      | Reached skill level 5 in Spellcasting
  3199 | D:4      | Noticed an ogre
  3237 | D:4      | Killed an ogre
  3238 | D:4      | Reached XP level 7. HP: 37/47 MP: 0/0
  3238 | D:4      | Learned a level 3 spell: Confusing Touch
  3556 | D:4      | Reached skill level 6 in Spellcasting
  3659 | D:5      | Entered Level 5 of the Dungeon
  3793 | D:5      | Reached *** piety under Makhleb
  3879 | D:5      | Noticed Dowan
  3883 | D:5      | Reached XP level 8. HP: 52/52 MP: 0/0
  3895 | D:5      | Killed Dowan
  4109 | D:5      | Noticed Duvessa
  4131 | D:5      | HP: 2/54 [Duvessa/+2 short sword of protection (16)]
  4133 | D:5      | Slain by Duvessa

Illustrated notes

Levels and vault maps discovered:
D:1:      lightli_arrival_maybe_door_vault, layout_basic
D:2:      layout_basic, basic_altar, basic_ecumenical_altar, minmay_heptomino_l4
D:3:      layout_basic, dk_yredelemnul_ordeal, minmay_door_square
D:4:      layout_rooms
D:5:      corexii_shantytown, layout_basic, jmf_multi_god_temple,
          temple_doors_ab, uniq_duvessa

Skill      XL: |  1  2  3  4  5  6  7  8 |
---------------+-------------------------+-----
Spellcasting   | 3 4 5 6 |  6.3
Fighting       | 1 2 |  2.0
Dodging        | 3 |  3.5
Stealth        | |  1.8
Invocations    | |  0.2

Action                     |  1- 3 |  4- 6 |  7- 9 || total
---------------------------+-------+-------+-------++-------
  Melee: Unarmed           |       |       |     3 ||     3
   Cast: Shock             |    26 |   154 |    58 ||   238
         Static Discharge  |       |     6 |     1 ||     7
         Swiftness         |       |     3 |     2 ||     5
         Wereblood         |       |     1 |       ||     1
         Airstrike         |       |       |     2 ||     2
         Confusing Touch   |       |       |     1 ||     1
    Use: Scroll            |       |       |     4 ||     4
         Potion            |       |       |     2 ||     2
 Armour: Robe              |       |     7 |     1 ||     8
  Dodge: Dodged            |     4 |    30 |    15 ||    49
